 Dungeon Crawl Stone Soup version 0.20-a0-967-g62cfa5d (webtiles) character file.

159 inmateoo the Ruffian (level 5, -2/41 HPs)
             Began as a Demonspawn Fighter on Apr 7, 2017.
             Killed by divine providence
             ... invoked by an orc priest
              (11 damage)
             ... on level 3 of the Dungeon.
             The game lasted 00:05:27 (2589 turns).

inmateoo the Ruffian (Demonspawn Fighter)           Turns: 2589, Time: 00:05:28

Health: -2/41      AC:  8    Str: 22    XL:     5   Next: 17%
Magic:  5/5        EV:  7    Int: 10    God:
Gold:   99         SH:  9    Dex: 12    Spells: 4/4 levels left

rFire    . . .     SeeInvis .     - Unarmed
rCold    + . .     Gourm    .   b - +0 shield
rNeg     . . .     Faith    .   a - +0 scale mail
rPois    .         Spirit   .   k - +0 helmet
rElec    .         Reflect  .   (no cloak)
rCorr    .         Harm     .   (no gloves)
MR       .....                  j - +0 pair of boots
Stlth    ..........             (no amulet)
Regen    0.2/turn               (no ring)
MPRegen  0.1/turn               (no ring)

@: mighty
A: claws 1, cold resistance 1, powered by pain 1, freezing cloud immunity
a: no special abilities


You were on level 3 of the Dungeon.
You were not hungry.

You visited 1 branch of the dungeon, and saw 3 of its levels.

You collected 99 gold pieces.

Inventory:

Hand Weapons
 e - a +2 whip of electrocution
Armour
 a - a +0 scale mail (worn)
 b - a +0 shield (worn)
 j - a +0 pair of boots (worn)
 k - a +0 helmet (worn)
Jewellery
 l - an uncursed ring of wizardry {unknown}
Scrolls
 f - 2 scrolls of identify {unknown}
 r - a scroll of recharging {unknown}
Potions
 c - 2 potions of might
 g - a potion of lignification {unknown}
 h - a potion of degeneration {unknown}
 i - a potion of agility {unknown}
 n - a potion of cancellation {unknown}
 p - a potion of heal wounds {unknown}
 q - a potion of berserk rage {unknown}
Comestibles
 d - 2 bread rations
 m - a fruit
 o - a chunk of flesh


   Skills:
 + Level 3.3 Fighting
 - Level 2.6 Armour
 - Level 2.6 Shields
 + Level 4.7 Unarmed Combat


You had 4 spell levels left.
You didn't know any spells.

Dungeon Overview and Level Annotations

Branches:
Dungeon (3/15)

Altars:
Ashenzari
Kikubaaqudgha

Annotations:
D:3 Haddockses's ghost, amateur DsBe


Innate Abilities, Weirdness & Mutations

You have sharp fingernails.
Your flesh is cold resistant. (rC+)
You sometimes gain a little power by taking damage.
You are immune to freezing clouds.


Message History

Unknown command.
You scratch the orc priest.
The orc priest is almost dead.
The orc priest invokes the aid of Beogh against you.
Beogh smites you!
* * * LOW HITPOINT WARNING * * *
The orc hits you.
* * * LOW HITPOINT WARNING * * *
Unknown command.
You scratch the orc priest.
The orc priest is almost dead.
You block the orc wizard's attack.
The orc priest hits you but does no damage.
The orc hits you but does no damage.
Unknown command.
You feel very mighty all of a sudden.
The orc wizard hits you but does no damage.
The orc priest invokes the aid of Beogh against you.
Beogh smites you!
You die...

#### ..# #.# ## #.### #.
#.###...# ############.
#.....#o#####............
###########..o@................
.............o.................
#####.#.....######.............
#.....<.##...# #............#
#.####W..'...# #.##########.#
#.....g###...# #.####......)#
#......g.g...# #.#.........##
#.......#g.g.# #.#.........#.
#######.#....#####.#.......)†#.


You could see an orc priest, an orc wizard and an orc.

Vanquished Creatures
  5 adders
  5 gnolls
  4 worms
  A dart slug (D:1)
  A leopard gecko (D:1)
  2 orcs (D:3)
  2 ball pythons
  2 giant cockroaches
  4 goblins
  6 hobgoblins
  A quokka (D:3)
  4 bats
  5 frilled lizards
  6 kobolds
  11 rats
59 creatures vanquished.

Notes
Turn   | Place    | Note
-------+----------+-------------------------------------------
     0 | D:1      | inmateoo the Demonspawn Fighter began the quest for the Orb.
     0 | D:1      | Reached XP level 1. HP: 18/18 MP: 1/1
    57 | D:1      | Reached skill level 2 in Unarmed Combat
   145 | D:1      | Gained mutation: Your flesh is cold resistant. (rC+) [demonic ancestry]
   145 | D:1      | Reached XP level 2. HP: 24/24 MP: 2/2
   821 | D:1      | Reached skill level 3 in Unarmed Combat
   830 | D:1      | Gained mutation: You sometimes gain a little power by taking damage. [demonic ancestry]
   830 | D:1      | Reached XP level 3. HP: 25/29 MP: 3/3
  1003 | D:2      | Found a shattered altar of Ashenzari.
  1116 | D:3      | Noticed Haddockses's ghost (amateur DsBe)
  1264 | D:2      | Gained mutation: You are immune to freezing clouds. [demonic ancestry]
  1264 | D:2      | Reached XP level 4. HP: 14/35 MP: 4/4
  1755 | D:2      | Reached skill level 4 in Unarmed Combat
  2275 | D:3      | Found an ancient bone altar of Kikubaaqudgha.
  2447 | D:3      | Gained mutation: You have sharp fingernails. [demonic ancestry]
  2447 | D:3      | Reached XP level 5. HP: 36/41 MP: 5/5
  2589 | D:3      | Killed from afar by an orc priest

Vault maps used:
D:1:      nicolae_arrival_washed_ashore, minivault_23, minmay_misc_feat_plants
D:2:      eat_drink_and_be_merry_uskayaw, ashenzari_altar_1, uniq_robin
D:3:      lemuel_upstairs_altar, kiku_gazebo_garden_becter,
          lightli_sewer_entry_pipes, uniq_jessica, uniq_crazy_yiuf_cottage

Skill      XL: |  1  2  3  4 |
---------------+-------------+-----
Unarmed Combat | 2 3 4 |  4.7
Fighting       | |  3.3
Armour         | |  2.6
Shields        | |  2.6

Action                   |  1- 3 |  4- 6 || total
-------------------------+-------+-------++-------
Melee: Unarmed           |   190 |   152 ||   342
  Use: Scroll            |     4 |       ||     4
       Potion            |       |     1 ||     1
  Eat: Chunk             |     1 |     5 ||     6
Armor: Scale mail        |    73 |    75 ||   148
Dodge: Dodged            |    42 |    44 ||    86
Block: Shield            |    64 |    61 ||   125
